 Dungeon Crawl Stone Soup version 0.31.0-9-g3a7656b989 (console) character file.

Game seed: 14886075124464022100

6925 AlterAsc the Severer (level 11, -1/75 HPs)
             Began as a Formicid Fighter on Jan 28, 2024.
             Was an Elder of Okawaru.
             Killed by the air
             ... invoked by Gastronok
              (26 damage)
             ... on level 8 of the Dungeon.
             The game lasted 00:24:06 (9318 turns).

AlterAsc the Severer (Formicid Fighter)             Turns: 9318, Time: 00:24:08

Health: -1/75      AC: 12    Str: 25    XL:     11   Next: 27%
Magic:  13/13      EV: 10    Int:  8    God:    Okawaru [****..]
Gold:   550        SH:  6    Dex: 19    Spells: 10/10 levels left

rFire   + . .        J - +0 broad axe (elec)
rCold   . . .        c - +0 buckler
rNeg    . . .        r - +2 ring mail {rF+}
rPois   .            (helmet unavailable)
rElec   .            d - +2 cloak {rCorr}
rCorr   +            i - +0 pair of gloves
SInv    +            (no boots)
Will    +....        (no amulet)
Stlth   +            t - +6 ring of dexterity
HPRegen 0.32/turn    (no ring)
MPRegen 0.13/turn

%: no passive effects
@: no status effects
A: permanent stasis, dig shafts and tunnels, antennae 3, four strong arms
a: Dig, Shaft Self, Renounce Religion, Heroism, Finesse


You were on level 8 of the Dungeon.
You worshipped Okawaru.
Okawaru was greatly pleased with you.
You visited 1 branch of the dungeon, and saw 9 of its levels.
You also visited: Sewer.

You collected 570 gold pieces.
You spent 20 gold pieces at shops.

Inventory:

Hand Weapons
 a - a +0 war axe
 x - the +5 spear of Disembowelment {freeze, Fly rF+ Int-5 SInv}
   (You found it on level 4 of the Dungeon)

   Int-5:     It affects your intelligence (-5).
   rF+:       It protects you from fire.
   SInv:      It lets you see invisible.
   Fly:       It grants you flight.
 I - a +0 battleaxe
 J - a +0 broad axe of electrocution (weapon)
Missiles
 h - 8 javelins
 l - 3 atropa-tipped darts
 w - 9 poisoned darts
 H - 2 throwing nets
Armour
 b - a +0 scale mail
 c - a +0 buckler (worn)
 d - a +2 cloak of preservation (worn)
 i - a +0 pair of gloves (worn)
 r - a +2 ring mail of fire resistance (worn)
Jewellery
 m - an amulet of regeneration
 t - a +6 ring of dexterity (left hand)
Wands
 n - a wand of flame (24) (quivered)
 G - a wand of roots (12)
Scrolls
 e - a scroll of fog
 k - 2 scrolls of amnesia
 o - 3 scrolls of teleportation
 p - 5 scrolls of immolation
 q - 4 scrolls of blinking
 s - a scroll of poison
 v - 2 scrolls of noise
 y - a scroll of silence
 C - a scroll of summoning {unknown}
Potions
 f - 2 potions of curing
 g - 5 potions of attraction
 j - 2 potions of enlightenment
 u - a potion of magic
 z - a potion of resistance
 A - 2 potions of haste
 B - a potion of might
 D - a potion of berserk rage
 E - a potion of degeneration {unknown}
 F - a potion of ambrosia {unknown}


   Skills:
 - Level 3.2 Fighting
 + Level 16.1 Axes
 - Level 3.2 Armour
 - Level 4.0 Shields
 - Level 3.0 Invocations


You had 10 spell levels left.
You didn't know any spells.
Your spell library contained the following spells:

 Spells                   Type           Power      Damage    Failure   Level
 Foxfire                  Conj/Fire      0%         2x1d4     61%         1
 Magic Dart               Conj           0%         1d3       61%         1
 Ensorcelled Hibernation  Hex/Ice        0%         N/A       75%         2
 Searing Ray              Conj           0%         2d4       75%         2
 Dazzling Flash           Conj/Hex       0%         N/A       93%         3
 Ozocubu's Armour         Ice            0%         N/A       93%         3
 Passwall                 Erth           0%         N/A       93%         3
 Volatile Blastmotes      Fire/Tloc      0%         2d10      93%         3
 Airstrike                Air            0%         2d(0-16)  100%        4
 Fulminant Prism          Conj/Alch      0%         3d5       100%        4
 Olgreb's Toxic Radiance  Alch           0%         N/A       100%        4
 Metabolic Englaciation   Hex/Ice        0%         N/A       100%        5
 Plasma Beam              Fire/Air       0%         2x1d10    100%        6
 Starburst                Conj/Fire      0%         6d3       100%        6
 Ozocubu's Refrigeration  Ice            0%         4d7       100%        7
 Discord                  Hex            0%         N/A       100%        8
 Maxwell's Capacitive Co  Air            0%         ∞         100%        8
 Swiftness                Air            Unusable   N/A       N/A         3
 Sculpt Simulacrum        Ice/Alch       Unusable   N/A       N/A         6

Dungeon Overview and Level Annotations

Branches:
Dungeon (9/15)             Temple (0/1) D:4           Sewer (visited)
   Lair: D:8-11         Orc: D:9-12

Altars:
Cheibriados
Okawaru
Ru
Sif Muna
Trog
Uskayaw
Vehumet
Wu Jian
Zin

Shops:
D:2 ???

Annotations:
D:4 2 runed translucent doors
D:5 1 runed translucent door, exclusion: door, Crazy Yiuf
D:8 1 transporter, Gastronok


Innate Abilities, Weirdness & Mutations

You cannot be hasted, slowed, berserked, paralysed or teleported.
You can dig through walls and to a lower floor.
You have a pair of large antennae on your head. (SInv)
Your four strong arms can wield two-handed weapons with a shield.


Message History

Press: ? - help, Q - select action, (/) - cycle Shift-Dir - straight line, f/p - Gastronok
Aim: Gastronok, wearing a +0 hat (heavily wounded, 100% to hit)
The puff of flame hits Gastronok.
Gastronok is heavily wounded.
Aiming: Throw Flame
Press: ? - help, Q - select action, (/) - cycle Shift-Dir - straight line, f/p - Gastronok
Aim: Gastronok, wearing a +0 hat (heavily wounded, 100% to hit)
The puff of flame hits Gastronok.
Gastronok is heavily wounded.
Aiming: Throw Flame
Press: ? - help, Q - select action, (/) - cycle Shift-Dir - straight line, f/p - Gastronok
Aim: Gastronok, wearing a +0 hat (heavily wounded, 100% to hit)
The puff of flame hits Gastronok.
Gastronok is severely wounded.
Gastronok waves his eye-stalks in wide circles.
The air twists around and strikes you!
Aiming: Throw Flame
Press: ? - help, Q - select action, (/) - cycle Shift-Dir - straight line, f/p - Gastronok
Aim: Gastronok, wearing a +0 hat (severely wounded, 100% to hit)
The puff of flame hits Gastronok.
Gastronok is severely wounded.
Aiming: Throw Flame
Press: ? - help, Q - select action, (/) - cycle Shift-Dir - straight line, f/p - Gastronok
Aim: Gastronok, wearing a +0 hat (severely wounded, 100% to hit)
The puff of flame hits Gastronok.
Gastronok is severely wounded.
Gastronok casts a spell.
Gastronok puts on a burst of speed!
Aiming: Throw Flame
Press: ? - help, Q - select action, (/) - cycle Shift-Dir - straight line, f - you
Okay, then.
Aiming: Throw Flame
Press: ? - help, Q - select action, (/) - cycle Shift-Dir - straight line, f/p - Gastronok
Aim: Gastronok, wearing a +0 hat (severely wounded, covering ground quickly, 100% to hit)
The puff of flame hits Gastronok.
Gastronok is severely wounded.
Gastronok waves his eye-stalks in wide circles.
The air twists around and strikes you!!
You die...
Gastronok gurgles, "Let's see if you taste as good as that wizard did."

..##............#
......#.........#
..w####.........# #######
.#.## #.........# #.....#
....####.......## ##.....#
.#............)####......#
)#)####...w..w..)[)......#
.).......#####.####......#
.<...##..# #..###......#
.....#...######..........#
.............###@...######
.....##......^.....##
.....#.......###...#
.............# #...#
.....##......# #...#
.....##......# #...#
.....##......# #...#
############## #...# #...#
#####


You could see Gastronok (swift).

Vanquished Creatures
  A two-headed ogre (D:6)
  Pikel (D:7)
  Psyche (D:9)
  A troll (D:9)
  Grinder (D:6)
  Sigmund (D:3)
  A wraith (D:8)
  A wyvern (D:7)
  5 yaks (D:7)
  2 steam dragons (D:8)
  2 water moccasins
  An acid dragon (D:8)
  A sky beast (D:7)
  An ice beast (D:4)
  3 ogres
  4 centaurs
  2 phantoms
  3 lemures (D:7)
  6 bullfrogs
  3 gnoll sergeants
  3 scorpions
  14 wights
  A howler monkey (D:8)
  2 hounds
  2 jellies
  2 gnoll boudas
  2 orc priests
  Terence (D:3)
  3 iguanas
  3 orc wizards
  Robin (D:3)
  29 gnolls
  9 adders
  2 white imps
  6 ufetubi
  3 ribbon worms
  12 dart slugs
  11 orcs
  19 endoplasms
  15 giant cockroaches
  17 goblins
  7 hobgoblins
  2 jackals (D:2)
  4 quokkas
  23 ball pythons
  5 bats
  7 frilled lizards
  6 kobolds
  3 rats
  A butterfly (D:4)
256 creatures vanquished.

Vanquished Creatures (others)
  A wyvern (D:8)
  A gnoll sergeant (D:8)
2 creatures vanquished.

Grand Total: 258 creatures vanquished

Notes
Turn   | Place    | Note
-------+----------+-------------------------------------------
     0 | D:1      | AlterAsc the Formicid Fighter began the quest for the Orb.
     0 | D:1      | Reached XP level 1. HP: 18/18 MP: 1/1
   117 | D:1      | Got the Guidebook on the Floating Snowflakes
   242 | D:1      | Reached XP level 2. HP: 24/24 MP: 2/2
   769 | D:1      | Reached skill level 3 in Axes
   830 | D:1      | Reached XP level 3. HP: 27/29 MP: 3/3
  1074 | D:2      | Found Zefax's Magic Scroll Shop.
  1081 | D:2      | Bought a scroll of identify for 20 gold pieces
  1187 | D:2      | Reached skill level 4 in Axes
  1187 | D:2      | Reached XP level 4. HP: 35/35 MP: 4/4
  1359 | D:2      | Found Kofotum's Magic Scroll Boutique.
  1527 | D:2      | Found Plog's Magic Scroll Shop.
  1912 | D:3      | Found a shimmering blue altar of Sif Muna.
  1946 | D:3      | Noticed Robin
  1949 | D:3      | Found a hide-covered altar of Uskayaw.
  1953 | D:3      | Reached XP level 5. HP: 40/41 MP: 5/5
  1956 | D:3      | Killed Robin
  1957 | D:3      | Reached skill level 5 in Axes
  2052 | D:3      | Found an ornate altar of the Wu Jian Council.
  2064 | D:3      | Noticed Sigmund
  2070 | D:3      | Killed Sigmund
  2071 | D:3      | Reached skill level 6 in Axes
  2071 | D:3      | Reached XP level 6. HP: 36/47 MP: 6/6
  2204 | D:3      | Found an iron altar of Okawaru.
  2217 | D:3      | Became a worshipper of Warmaster Okawaru
  2269 | D:3      | Noticed Terence
  2270 | D:3      | Found a faded altar of an unknown god.
  2285 | D:3      | Killed Terence
  2374 | D:3      | Reached skill level 7 in Axes
  2374 | D:3      | Reached skill level 1 in Invocations
  2374 | D:3      | Reached XP level 7. HP: 36/52 MP: 7/7
  2723 | D:4      | Found a large runed translucent door.
  2724 | D:4      | Found a large runed translucent door.
  2725 | D:4      | Found a large runed translucent door.
  2725 | D:4      | Found a large runed translucent door.
  2869 | D:4      | Found a staircase to the Ecumenical Temple.
  2904 | D:4      | Found a glowing drain.
  2946 | Sewer    | Entered a sewer
  3399 | Sewer    | Reached skill level 8 in Axes
  3399 | Sewer    | Reached XP level 8. HP: 55/58 MP: 10/10
  3402 | Sewer    | Reached * piety under Okawaru
  3652 | D:4      | Identified the +5 spear of Disembowelment {freeze, Fly rF+
                  | Int-5 SInv}
  3762 | D:4      | Identified the staff of Exquisite Death {rElec rC+ rN+
                  | Str+3 Dex-3 Necro Ice}
  3768 | D:4      | Reached skill level 9 in Axes
  3989 | D:4      | Identified the +1 robe "Keowk" {rElec}
  4022 | D:5      | Entered Level 5 of the Dungeon
  4233 | D:5      | Reached skill level 10 in Axes
  4417 | D:5      | Found a runed translucent door.
  4418 | D:5      | Noticed Crazy Yiuf
  4678 | D:5      | Reached XP level 9. HP: 64/64 MP: 11/11
  5353 | D:6      | Noticed a two-headed ogre
  5365 | D:6      | You are sucked into a shaft and drop 3 floors!
  5474 | D:9      | Noticed Psyche
  5481 | D:9      | Killed Psyche
  5481 | D:9      | Reached ** piety under Okawaru
  5482 | D:9      | Reached skill level 11 in Axes
  5706 | D:9      | Found a glowing silver altar of Zin.
  5706 | D:9      | Noticed an angel
  5789 | D:9      | Found a radiant altar of Vehumet.
  5817 | D:9      | Noticed a troll
  5829 | D:9      | Killed a troll
  5830 | D:9      | Reached skill level 12 in Axes
  6230 | D:7      | Found a bloodstained altar of Trog.
  6258 | D:7      | Reached XP level 10. HP: 66/70 MP: 12/12
  6283 | D:7      | Found a sacrificial altar of Ru.
  6381 | D:7      | Noticed Pikel
  6415 | D:7      | Killed Pikel
  6416 | D:7      | Reached skill level 13 in Axes
  6418 | D:7      | You are sucked into a shaft and drop 1 floor!
  6808 | D:8      | Reached skill level 14 in Axes
  7030 | D:7      | Reached *** piety under Okawaru
  7324 | D:7      | Found a snail-covered altar of Cheibriados.
  7815 | D:6      | Killed a two-headed ogre
  7816 | D:6      | Reached skill level 15 in Axes
  7816 | D:6      | Reached XP level 11. HP: 10/75 MP: 13/13
  8051 | D:6      | Noticed Grinder
  8062 | D:6      | Killed Grinder
  8526 | D:6      | Reached **** piety under Okawaru
  8997 | D:8      | Reached skill level 16 in Axes
  9012 | D:8      | Identified the +3 scimitar "Durgh" {antimagic, rElec Int+5}
  9167 | D:8      | Found a transporter.
  9189 | D:8      | Noticed Gastronok
  9318 | D:8      | Killed from afar by Gastronok

Illustrated notes

Levels and vault maps discovered:
D:1:      matt_arrival_los_fun, layout_basic, serial_bayou_pond_a
D:2:      layout_loops_ring, serial_shops, shop, shop,
          nicolae_shop_tiny_real_fake_doors, nicolae_the_louvre
D:3:      layout_rooms, mainiacjoe_overflow_catwalk, old_standard_altar,
          nicolae_sif_muna_condensation, nzn_wu_jian_contemplation,
          basic_ecumenical_altar, uniq_terence, uniq_sigmund, uniq_robin
D:4:      layout_rooms, minmay_temple_entry_butterflies,
          cheibrodos_sewer_entry_bend, minmay_hollow_rounded_squares
D:5:      layout_basic, uniq_crazy_yiuf_cottage
D:6:      layout_gridville, uniq_grinder
D:7:      layout_loops_ring, mainiacjoe_overflow_surrounded_room,
          nicolae_overflow_hidden_temple, nicolae_ru_great_annihilating_truth,
          uniq_pikel
D:8:      layout_rooms, nemelex_spade_bored_becter, erik_lair_dragon,
          nicolae_diode_basic, uniq_gastronok
D:9:      layout_loops_corners, zin_angel, lemuel_round_altar,
          mainiacjoe_overflow_24_doors, uniq_psyche

Skill      XL: |  1  2  3  4  5  6  7  8  9 10 11 |
---------------+----------------------------------+-----
Axes           | 3 4 6 7 8 10 12 15 16 | 16.1
Invocations    | 1 3 |  3.0
Fighting       | |  3.2
Armour         | |  3.2
Shields        | |  4.0

Action                     |  1- 3 |  4- 6 |  7- 9 | 10-12 || total
---------------------------+-------+-------+-------+-------++-------
  Melee: War axe           |    80 |    88 |   269 |       ||   437
         Spear             |       |       |   143 |   332 ||   475
         Broad axe         |       |       |       |    14 ||    14
  Throw: Javelin           |       |       |     5 |       ||     5
         Dart              |       |       |     4 |     3 ||     7
 Invoke: Heroism           |       |       |     2 |     2 ||     4
Ability: Shaft Self        |       |       |     1 |     1 ||     2
  Evoke: Wand              |       |       |       |    35 ||    35
    Use: Scroll            |     1 |       |    11 |     2 ||    14
         Potion            |       |     1 |     1 |       ||     2
   Stab: Sleeping          |       |       |     1 |       ||     1
         Distracted        |       |       |       |     1 ||     1
         Paralysed         |       |       |       |     1 ||     1
 Armour: Scale mail        |    55 |    53 |       |       ||   108
         Ring mail         |       |    10 |   207 |   134 ||   351
         Skin              |       |       |    25 |       ||    25
  Dodge: Dodged            |    38 |    37 |   184 |    60 ||   319
  Block: Buckler           |    22 |    30 |   105 |    49 ||   206
